 Dungeon Crawl Stone Soup version 0.22.0-38-g04b72b8 (webtiles) character file.

9752 dvd the Arsonist (level 11, -3/91 HPs)
             Began as an Octopode Fire Elementalist on Aug 28, 2018.
             Was a Priest of Vehumet.
             Slain by a cyan ugly thing (17 damage)
             ... on level 11 of the Dungeon.
             The game lasted 00:45:53 (13581 turns).

dvd the Arsonist (Octopode Fire Elementalist)      Turns: 13581, Time: 00:45:55

Health: -3/91      AC: 13    Str: 13    XL:     11   Next: 51%
Magic:  15/20      EV: 14    Int: 21    God:    Vehumet [***...]
Gold:   723        SH: 11    Dex: 14    Spells: 12/25 levels left

rFire    . . .     SeeInvis .   a - +2 mace (protect)
rCold    . . .     Gourm    .   y - +1 shield
rNeg     . . .     Faith    .   (helmet restricted)
rPois    +         Spirit   .   H - amulet of regeneration
rElec    .         Reflect  .   G - +2 ring of dexterity
rCorr    .         Harm     .   j - +3 ring of protection
MR       .....                  r - ring of poison resistance
Stlth    ..........             (no ring)
HPRegen  0.65/turn              (no ring)
MPRegen  0.17/turn              (no ring)
                                (no ring)
                                (no ring)

@: berserking (expiring), protection aura, very quick
A: almost no armour, stealthy swim, amphibious, 8 rings, constrict 8, slimy
green scales 1, camouflage 1, frail 1, low mp 1, gelatinous body 1, MP-powered
wands
a: Renounce Religion


You were on level 11 of the Dungeon.
You worshipped Vehumet.
Vehumet was most pleased with you.
You were not hungry.

You visited 2 branches of the dungeon, and saw 12 of its levels.

You collected 723 gold pieces.

Inventory:

Hand Weapons
 a - a +2 mace of protection (weapon)
 d - a +0 dagger of holy wrath
 f - a +2 war axe of freezing
 t - a +2 hand axe of electrocution
 u - a +4 quarterstaff of chaos
 N - the +3 falchion of Impatience {speed, rElec}
   (You found it on level 9 of the Dungeon)

   Attacks with this weapon are significantly faster.
   It insulates you from electricity.
 P - a +0 hand axe of freezing
 Q - a +1 hand axe of electrocution
Missiles
 p - 4 tomahawks (quivered)
Armour
 y - a +1 shield (worn)
 S - a +0 large shield
Jewellery
 j - a +3 ring of protection (right tentacle)
 r - a ring of poison resistance (on tentacle)
 v - an uncursed amulet of the gourmand
 G - a +2 ring of dexterity (left tentacle)
 H - an amulet of regeneration (around mantle)
Wands
 k - a wand of flame (8)
 m - a wand of digging (10)
 E - a wand of polymorph (30)
 K - a wand of iceblast (7)
 M - a wand of acid (7)
Scrolls
 c - a scroll of fear
 g - 2 scrolls of teleportation
 h - a scroll of remove curse
 i - 9 scrolls of identify
 n - 3 scrolls of magic mapping
 q - 4 scrolls of amnesia
 w - a scroll of summoning {unknown}
 J - 2 scrolls of fog
Potions
 e - 5 potions of curing
 l - 2 potions of invisibility
 o - 5 potions of lignification
 x - 4 potions of flight
 A - a potion of magic
Comestibles
 b - 19 rations


   Skills:
 + Level 3.7 Fighting
 + Level 1.2 Short Blades
 + Level 5.9 Maces & Flails
 + Level 4.9 Dodging
 + Level 6.4 Stealth
 * Level 6.6 Shields
 + Level 7.8 Spellcasting
 + Level 7.2 Conjurations
 + Level 8.1 Fire Magic
 + Level 1.2 Air Magic
 + Level 0.3 Evocations


You had 12 spell levels left.
You knew the following spells:

 Your Spells              Type           Power        Failure   Level  Hunger
a - Flame Tongue          Conj/Fire      #####        1%          1    None
b - Throw Flame           Conj/Fire      #####.       1%          2    None
c - Sticky Flame          Conj/Fire      #####...     2%          4    ###....
d - Shock                 Conj/Air       ####         1%          1    None
e - Fireball              Conj/Fire      #####.....   8%          5    #####..

Your spell library contained the following spells:

 Spells                   Type           Power        Failure   Level  Hunger
 Dazzling Spray           Conj/Hex       ###...       4%          3    None
 Conjure Flame            Conj/Fire      #####...     1%          3    None
 Inner Flame              Hex/Fire       ####....     3%          3    None
 Static Discharge         Conj/Air       ####....     3%          3    None
 Summon Butterflies       Summ           #.......     24%         1    None
 Swiftness                Chrm/Air       ##......     28%         2    None
 Lightning Bolt           Conj/Air       ####......   28%         5    #####..
 Airstrike                Air            ##........   32%         4    ###....
 Call Canine Familiar     Summ           #.......     56%         3    None
 Summon Ice Beast         Ice/Summ       #.......     93%         4    ###....
 Summon Mana Viper        Hex/Summ       #.......     100%        5    #####..
 Summon Hydra             Summ           #.........   100%        7    #######


Dungeon Overview and Level Annotations

Branches:
Dungeon (11/15)            Temple (1/1) D:6            Lair (0/6) D:8
    Orc (0/2) D:9

Altars:
Ashenzari
Cheibriados
Dithmenos
Elyvilon
Fedhas
Gozag
Hepliaklqana
Kikubaaqudgha
Makhleb
Nemelex Xobeh
Okawaru
Qazlal
Ru
Sif Muna
Trog
Uskayaw
Vehumet
Wu Jian
Xom
Yredelemnul
Zin
The Shining One


Innate Abilities, Weirdness & Mutations

You cannot wear most types of armour.
You are very stealthy in the water. (Stealth+)
You are amphibious.
You can wear up to eight rings at the same time.
You can use your tentacles to constrict eight enemies at once.
Your skin changes colour to match your surroundings (Stealth+).
Your rubbery body absorbs attacks. (AC +1, EV +1)
You are partially covered in slimy green scales. (AC +2)
You are frail. (-10% HP)
Your magical capacity is low. (-10% MP)
You expend magic power (3 MP) to strengthen your wands.


Message History

You constrict the orc warrior, but do no damage.
The cyan ugly thing closely misses you.
You hit the orc warrior.
The orc warrior is heavily wounded.
You constrict the orc warrior, but do no damage.
The cyan ugly thing engulfs you! The cyan ugly thing shocks you!
* * * LOW HITPOINT WARNING * * *
You hit the cyan ugly thing. You grab the cyan ugly thing.
The cyan ugly thing is lightly wounded.
You constrict the orc warrior, but do no damage.
You constrict the cyan ugly thing. The orc warrior closely misses you.
The orc hits you but does no damage.
You sock the cyan ugly thing!
The cyan ugly thing is moderately wounded.
You constrict the orc warrior, but do no damage.
You constrict the cyan ugly thing, but do no damage.
The cyan ugly thing engulfs you.
* * * LOW HITPOINT WARNING * * *
The cyan ugly thing shocks you!
You die...

*,...............#####Y.....
*,#.#####.###..........Y####
*,*,,,* #.# ##.#######...###
*,**#.* #.# #.# #.....# #
*,**#.###e# #.# #...#.# #
*,........# *#'## #.###.# #
**###.#####*#...## #.###.# # ##.#
##o....## #...... # ##..#
##@u.....#* #.#.#.#
########...####..o.....[###Y....#
..............'.........'†Y.....#
.####.#....####.........###.....#
.# #...#.## ##.......#* #.#†###
.# ##.#### ##.....## #.#.### .#
#.# *#...## #...... .# #.#
**##'### ###.### .# #.# *,,....#
#.#


You could see a cyan ugly thing, an orc warrior and an orc.

Vanquished Creatures
  Fannar (D:11)
  2 two-headed ogres
  An unseen horror (D:10)
  2 ugly things
  A centaur skeleton (D:9)
  A hornet (D:10)
  A troll (D:11)
  3 hippogriffs
  A yak (D:8)
  A basilisk (D:8)
  A steam dragon (D:8)
  An acid dragon (D:11)
  A water moccasin (D:10)
  4 orc warriors
  An ice beast (D:10)
  2 eyes of draining (D:4)
  3 phantoms
  6 ogres
  2 centaurs
  A crocodile (D:7)
  3 big kobolds
  4 bullfrogs
  A water moccasin zombie (D:7)
  3 scorpions
  15 killer bees
  3 wights (D:9)
  A howler monkey (D:9)
  2 electric eels (D:6)
  A crimson imp (D:5)
  A bullfrog zombie (D:8)
  A quasit (D:10)
  2 hounds
  5 jellies
  Crazy Yiuf (D:5)
  4 orc priests
  4 bullfrog skeletons
  7 iguanas
  7 orc wizards
  5 worker ants
  17 adders
  A gnoll (D:4)
  A howler monkey skeleton (D:8)
  2 shadow imps
  An ooze (D:6)
  4 adder skeletons
  An adder zombie (D:9)
  2 worms
  7 leopard geckos
  56 orcs
  3 ball pythons
  7 bats
  4 giant cockroaches
  8 goblins
  6 hobgoblins
  11 jackals
  29 kobolds
  3 quokkas
  A ball python skeleton (D:5)
  7 frilled lizards
  A quokka skeleton (D:7)
  5 rats
283 creatures vanquished.

Notes
Turn   | Place    | Note
-------+----------+-------------------------------------------
     0 | D:1      | dvd the Octopode Fire Elementalist began the quest for the Orb.
     0 | D:1      | Reached XP level 1. HP: 11/11 MP: 3/3
   166 | D:1      | Reached XP level 2. HP: 17/17 MP: 3/5
   268 | D:1      | Learned a level 2 spell: Throw Flame
   596 | D:1      | Reached XP level 3. HP: 21/21 MP: 3/6
  1042 | D:2      | Found a sacrificial altar of Ru.
  1797 | D:2      | Found a glowing golden altar of the Shining One.
  2071 | D:3      | Reached XP level 4. HP: 27/27 MP: 4/7
  2087 | D:3      | Found a snail-covered altar of Cheibriados.
  2658 | D:3      | Reached skill level 4 in Fire Magic
  2667 | D:3      | Learned a level 4 spell: Sticky Flame
  2735 | D:3      | Reached XP level 5. HP: 28/32 MP: 3/9
  3424 | D:3      | Reached XP level 6. HP: 37/37 MP: 0/10
  4026 | D:4      | Found a hazy altar of Hepliaklqana.
  4112 | D:4      | Found an ornate altar of the Wu Jian Council.
  4335 | D:4      | Reached skill level 1 in Short Blades
  4625 | D:4      | Found a bloodstained altar of Trog.
  4625 | D:4      | Noticed an eye of draining
  4625 | D:4      | Noticed an eye of draining
  4644 | D:4      | Killed an eye of draining
  4644 | D:4      | Reached XP level 7. HP: 42/42 MP: 0/12
  4651 | D:4      | Reached skill level 1 in Fighting
  5061 | D:5      | Entered Level 5 of the Dungeon
  5082 | D:5      | Reached skill level 5 in Fire Magic
  5166 | D:5      | Reached skill level 1 in Maces & Flails
  5310 | D:5      | Found a blossoming altar of Fedhas.
  5463 | D:5      | Found a glowing silver altar of Zin.
  5463 | D:5      | Found a shimmering altar of Xom.
  5463 | D:5      | Noticed an angel
  5546 | D:5      | Found a runed door.
  5550 | D:5      | Noticed Crazy Yiuf
  5557 | D:5      | Killed Crazy Yiuf
  5557 | D:5      | Reached XP level 8. HP: 37/48 MP: 0/14
  6014 | D:6      | Learned a level 1 spell: Shock
  6413 | D:6      | Reached skill level 5 in Stealth
  6694 | D:6      | Found a staircase to the Ecumenical Temple.
  6704 | Temple   | Entered the Ecumenical Temple
  6765 | Temple   | Became a worshipper of Vehumet
  7002 | D:7      | Found a shadowy altar of Dithmenos.
  7110 | D:6      | Learned a level 5 spell: Fireball
  7244 | D:7      | Reached skill level 5 in Spellcasting
  7323 | D:6      | Reached skill level 1 in Shields
  7488 | D:7      | Found an ancient bone altar of Kikubaaqudgha.
  7530 | D:7      | Reached skill level 6 in Fire Magic
  7765 | D:7      | Reached XP level 9. HP: 54/54 MP: 11/17
  8605 | D:8      | Reached * piety under Vehumet
  8605 | D:8      | Offered knowledge of Sting by Vehumet.
  8659 | D:8      | Reached skill level 5 in Conjurations
  8781 | D:8      | Found a staircase to the Lair.
  8949 | D:8      | Noticed a two-headed ogre
  9574 | D:8      | Reached skill level 7 in Fire Magic
  9574 | D:8      | Reached XP level 10. HP: 58/61 MP: 3/19
  9861 | D:8      | Reached ** piety under Vehumet
  9908 | D:8      | Offered knowledge of Magic Dart by Vehumet.
 10420 | D:8      | Killed a two-headed ogre
 10868 | D:9      | Reached skill level 5 in Shields
 11109 | D:9      | Reached skill level 5 in Maces & Flails
 11301 | D:9      | Got a transparent falchion
 11302 | D:9      | Identified the +3 falchion of Impatience {speed, rElec} (You found it on level 9 of the Dungeon)
 11470 | D:9      | Offered knowledge of Searing Ray by Vehumet.
 11525 | D:9      | Found a staircase to the Orcish Mines.
 11775 | D:9      | Found a shattered altar of Ashenzari.
 11776 | D:9      | Found a white marble altar of Elyvilon.
 11900 | D:10     | Entered Level 10 of the Dungeon
 11946 | D:10     | Reached *** piety under Vehumet
 12069 | D:10     | Noticed an unseen horror
 12074 | D:10     | Killed an unseen horror
 12486 | D:10     | Reached XP level 11. HP: 67/67 MP: 14/22
 12613 | D:10     | Gained mutation: You are frail. (-10% HP) [potion of mutation]
 12613 | D:10     | Gained mutation: Your magical capacity is low. (-10% MP) [potion of mutation]
 12613 | D:10     | Gained mutation: You are partially covered in slimy green scales. (AC +2) [potion of mutation]
 12613 | D:10     | Gained mutation: You expend magic power (3 MP) to strengthen your wands. [potion of mutation]
 12773 | D:11     | Noticed Fannar
 12873 | D:11     | Noticed a red ugly thing
 12874 | D:11     | Noticed a brown ugly thing
 12879 | D:11     | Offered knowledge of Dazzling Spray by Vehumet.
 12896 | D:11     | Killed a green ugly thing
 12922 | D:10     | Killed a green ugly thing
 13048 | D:10     | Noticed a two-headed ogre
 13056 | D:10     | Killed a two-headed ogre
 13056 | D:10     | Reached skill level 8 in Fire Magic
 13056 | D:10     | Reached skill level 1 in Air Magic
 13435 | D:11     | Found a shimmering altar of Xom.
 13568 | D:11     | Noticed a cyan ugly thing
 13576 | D:11     | Killed Fannar
 13581 | D:11     | Slain by a cyan ugly thing

Skill      XL: |  1  2  3  4  5  6  7  8  9 10 11 |
---------------+----------------------------------+-----
Stealth        | 3 4 5 6 |  6.4
Fire Magic     | 4 5 6 7 8 |  8.1
Spellcasting   | 3 4 5 6 7 |  7.8
Conjurations   | 2 3 4 5 6 7 |  7.2
Short Blades   | 1 |  1.2
Dodging        | 3 4 |  4.9
Fighting       | 1 2 3 |  3.7
Maces & Flails | 1 3 4 5 |  5.9
Shields        | 1 3 5 6 |  6.6
Air Magic      | 1 |  1.2
Evocations     | |  0.3

Action                   |  1- 3 |  4- 6 |  7- 9 | 10-12 || total
-------------------------+-------+-------+-------+-------++-------
Melee: Constrict         |     3 |    11 |    24 |    28 ||    66
       Tentacles         |     2 |    12 |    25 |    19 ||    58
       Unarmed           |     1 |       |       |       ||     1
       Dagger            |    13 |    40 |       |       ||    53
       Mace              |       |     8 |   137 |   119 ||   264
 Cast: Flame Tongue      |    36 |    81 |    98 |    69 ||   284
       Throw Flame       |    17 |    15 |    62 |    58 ||   152
       Sticky Flame      |       |     3 |    28 |    26 ||    57
       Shock             |       |       |     3 |    17 ||    20
       Fireball          |       |       |       |    11 ||    11
Evoke: Wand              |       |       |       |     5 ||     5
  Use: Scroll            |       |     4 |    10 |    10 ||    24
       Potion            |       |       |       |    14 ||    14
 Stab: Sleeping          |     6 |     1 |     4 |     3 ||    14
       Distracted        |       |       |     1 |       ||     1
  Eat: Chunk             |     4 |    10 |    38 |    11 ||    63
Armor: Skin              |     1 |     6 |    36 |    27 ||    70
Dodge: Dodged            |    19 |    59 |   136 |   105 ||   319
Block: Shield            |       |       |       |    29 ||    29
       Large shield      |       |       |       |    12 ||    12
